 Dungeon Crawl Stone Soup version 0.32-a0-876-gcfddb08e57 (webtiles) character file.

Game seed: 9477251133445703230

2827 Descartes the Shield-Bearer (level 9, -1/74 HPs)
             Began as a Mountain Dwarf Wanderer on Apr 1, 2024.
             Was an Initiate of Gozag.
             Succumbed to a killer bee's poison
             ... on level 7 of the Dungeon.
             The game lasted 00:12:11 (5455 turns).

Descartes the Shield-Bearer (MDWn)                  Turns: 5455, Time: 00:12:11

Health: -1/74      AC: 19    Str: 19    XL:     9   Next: 45%
Magic:  15/15      EV:  4    Int: 12    God:    Gozag
Gold:   169        SH:  5    Dex: 10    Spells: 15/16 levels left

rFire   . . .        p - +3 whip (elec)
rCold   . . .        d - +0 buckler {AC+3}
rNeg    . . .        g - +0 plate armour
rPois   .            M - +0 helmet
rElec   .            x - +0 cloak
rCorr   +            H - +0 pair of gloves
SInv    .            (no boots)
Will    +....        b - amulet of regeneration Stlth
                     l - ring of resist corrosion
HPRegen 1.12/turn    (no ring)
MPRegen 0.14/turn

%: no passive effects
@: lethally poisoned (-1 -> -7), gold aura, enlightened, flying
A: runic magic, artefact enchanting
a: Renounce Religion, Potion Petition, Call Merchant, Bribe Branch


You were on level 7 of the Dungeon.
You worshipped Gozag.
Gozag was aware of your devotion.
You visited 2 branches of the dungeon, and saw 8 of its levels.

You collected 387 gold pieces.
You spent 140 gold pieces at shops.
You paid 78 gold pieces to Gozag.

Inventory:

Hand Weapons
 i - a +1 mace of holy wrath
 p - a +3 whip of electrocution (weapon)
 K - a +4 flail of freezing
Missiles
 j - 14 poisoned darts
 m - a curare-tipped dart
 C - a throwing net
 J - 5 boomerangs
 L - 4 javelins
Armour
 d - a +0 buckler of protection (worn)
 g - a +0 plate armour (worn)
 x - a +0 cloak (worn)
 H - a +0 pair of gloves (worn)
 M - a +0 helmet (worn)
Jewellery
 b - an amulet of regeneration (around neck)
 l - a ring of resist corrosion (left hand)
 O - an amulet of the acrobat
 Q - the ring "Ekhletailu" {Fire rElec rN+ Str+5 Stlth+}
   (You found it on level 6 of the Dungeon)

   [ring of fire]

   Fire:      It enhances your fire magic.
   Str+5:     It affects your strength (+5).
   rF+:       It protects you from fire.
   rC-:       It makes you vulnerable to cold.
   rElec:     It insulates you from electricity.
   rN+:       It protects you from negative energy.
   Stlth+:    It makes you more stealthy.
Wands
 r - a wand of quicksilver (10)
 v - a wand of flame (22)
 B - a wand of roots (26)
Scrolls
 c - a scroll of fear
 h - 2 scrolls of immolation
 k - 5 scrolls of revelation
 n - 2 scrolls of blinking
 q - a scroll of fog
 t - a scroll of vulnerability {unknown}
 w - a scroll of enchant weapon {unknown}
 y - a scroll of acquirement {unknown}
 E - a scroll of butterflies {unknown}
 F - a scroll of poison {unknown}
 G - a scroll of torment {unknown}
 I - 4 scrolls of enchant armour {unknown}
 N - 2 scrolls of teleportation {unknown}
Potions
 e - a potion of attraction
 f - 4 potions of haste
 o - 3 potions of cancellation
 s - 2 potions of might
 A - 3 potions of magic
 D - a potion of brilliance
 P - a potion of invisibility {unknown}


   Skills:
 - Level 5.0 Fighting
 + Level 6.4 Armour
 + Level 6.5 Shields
 + Level 4.2 Spellcasting
 + Level 3.2 Translocations
 + Level 4.5 Fire Magic
 + Level 4.4 Ice Magic
 + Level 4.3 Earth Magic


You had 15 spell levels left.
You knew the following spells:

 Your Spells              Type           Power      Damage    Failure   Level
a - Freeze                Ice            52%        1d6       10%         1

Your spell library contained the following spells:

 Spells                   Type           Power      Damage    Failure   Level
 Lesser Beckoning         Tloc           20%        N/A       24%         2
 Ozocubu's Armour         Ice            13%        N/A       28%         3
 Teleport Other           Tloc           10%        N/A       43%         3
 Maxwell's Portable Pile  Tloc           10%        2d(7-13)  83%         4
 Passage of Golubria      Tloc           10%        N/A       83%         4
 Dazzling Flash           Conj/Hex       4%         N/A       87%         3
 Silence                  Hex/Air        1%         N/A       100%        5
 Starburst                Conj/Fire      4%         6d3       100%        6
 Lehudib's Crystal Spear  Conj/Erth      3%         10d3      100%        8
 Maxwell's Capacitive Co  Air            1%         ∞         100%        8


Dungeon Overview and Level Annotations

Branches:
Dungeon (7/15)             Temple (1/1) D:6

Altars:
Ashenzari
Cheibriados
Dithmenos
Elyvilon
Fedhas
Gozag
Hepliaklqana
Kikubaaqudgha
Nemelex Xobeh
Okawaru
Qazlal
Ru
Sif Muna
Trog
Uskayaw
Vehumet
Wu Jian
Xom
Yredelemnul
Zin
The Shining One

Shops:
D:5 ?*


Innate Abilities, Weirdness & Mutations

Your spellcasting is much less encumbered by armour.
You can use scrolls of enchantment on lesser artefacts.


Message History

You kill the killer bee!
You feel very sick.
The killer bee is no longer distracted by gold. x2
The killer bee stings you.
You are more poisoned.
The killer bee poisons you!
You hit the killer bee.
The killer bee is moderately wounded.
You feel very sick.
The killer bee stings you but does no damage. x2
The killer bee stings you!
* * * LOW HITPOINT WARNING * * *
Unknown command.
You barely miss the killer bee.
The killer bee is moderately wounded.
You feel very sick.
The killer bee stings you but does no damage. x2
Unknown command.
You barely miss the killer bee.
The killer bee is moderately wounded.
You feel very sick.
The killer bee stings you but does no damage.
The killer bee stings you.
* * * LOW HITPOINT WARNING * * *
Unknown command.
You hit the killer bee but do no damage.
Lightning courses through the killer bee!!
You kill the killer bee!
You feel sick. The killer bee stings you.
* * * LOW HITPOINT WARNING * * *
You are more poisoned.
The killer bee poisons you!
Okay, then.
You need at least 400 gold to purchase potions right now!
Unknown command.
It was a potion of enlightenment.
You feel very buoyant.
You fly up into the air.
You die...
Your body crumbles into a pile of gold.

#.# #.# #
####.######.#####
#<........#......
#.........'..y#
####.........###.#
#.....#'###'##
#.###.#.# #y#
#...#.#.# #@#
#.#.#.#.# #.#
#.#.#.#.# #^#
#<#.#.#.# #.#
#.#.#.#.# #.#
#...#.#.# ..#
##### ###


You could see a killer bee.

Vanquished Creatures
  A steam dragon (D:6)
  A water moccasin (D:6)
  3 ice beasts
  An orc warrior (D:6)
  2 centaurs
  2 ogres
  2 kobold brigands (D:6)
  The ghost of flt the Trooper, a weakling OnDe (D:6)
  2 scorpions (D:6)
  A hornet simulacrum (D:6)
  8 wights (D:6)
  9 killer bees
  A howler monkey (D:4)
  A bombardier beetle (D:4)
  2 orc priests (D:6)
  3 hounds
  Crazy Yiuf (D:3)
  3 sleepcaps
  2 iguanas
  Ijyb (D:5)
  Natasha (thrice) (D:2)
  A bullfrog simulacrum (D:6)
  A centaur simulacrum (D:6)
  4 gnolls (D:5)
  6 adders
  2 white imps (D:6)
  5 dart slugs
  2 ribbon worms
  20 orcs
  7 ball pythons
  4 endoplasms
  5 giant cockroaches
  7 hobgoblins
  10 jackals
  2 quokkas (D:4)
  2 bats
  2 frilled lizards
  10 goblins
  13 kobolds
  5 rats
158 creatures vanquished.

Vanquished Creatures (others)
  A scorpion (D:3)
  A goblin (D:3)
  A hobgoblin (D:3)
  A rat (D:3)
4 creatures vanquished.

Grand Total: 162 creatures vanquished

Notes
Turn   | Place    | Note
-------+----------+-------------------------------------------
     0 | D:1      | Descartes the Mountain Dwarf Wanderer began the quest for
                  | the Orb.
     0 | D:1      | Descartes set off with the following items: a +0 club, a +0
                  | ring mail, a scroll of fear, a +0 buckler of protection;
                  | and the following spell memorised: Freeze; and the
                  | following spells available to memorise: Ozocubu's Armour.
     0 | D:1      | Reached XP level 1. HP: 17/17 MP: 2/2
   270 | D:1      | Reached XP level 2. HP: 25/25 MP: 3/3
   798 | D:2      | Reached XP level 3. HP: 19/30 MP: 1/5
   973 | D:2      | Noticed Natasha
   982 | D:2      | Killed Natasha
   988 | D:2      | Noticed Natasha
   996 | D:2      | Killed Natasha
   997 | D:2      | Reached XP level 4. HP: 24/37 MP: 6/6
  1183 | D:2      | Noticed Natasha
  1190 | D:2      | Killed Natasha
  1353 | D:2      | Reached XP level 5. HP: 45/45 MP: 7/7
  1605 | D:3      | Found a shimmering altar of Xom.
  1913 | D:3      | Found a runed translucent door.
  1914 | D:3      | Noticed Crazy Yiuf
  2177 | D:3      | Killed Crazy Yiuf
  2317 | D:4      | Noticed an ogre
  2321 | D:4      | Killed an ogre
  2322 | D:4      | Reached XP level 6. HP: 52/52 MP: 9/9
  2441 | D:4      | HP: 1/52 [burnt (5)]
  2606 | D:4      | Reached skill level 1 in Fire Magic
  2606 | D:4      | Reached skill level 1 in Earth Magic
  2984 | D:5      | Entered Level 5 of the Dungeon
  3011 | D:5      | Found a stormy altar of Qazlal.
  3011 | D:5      | Found a bloodstained altar of Trog.
  3012 | D:5      | Found a radiant altar of Vehumet.
  3012 | D:5      | Found a broken altar of Ashenzari.
  3033 | D:5      | Noticed an ice beast
  3041 | D:5      | Killed an ice beast
  3042 | D:5      | Reached skill level 1 in Translocations
  3042 | D:5      | Reached XP level 7. HP: 59/59 MP: 11/11
  3474 | D:5      | Reached skill level 5 in Armour
  3479 | D:5      | Reached skill level 5 in Shields
  3615 | D:5      | Found Pufaixt's Assorted Antiques.
  3677 | D:5      | Reached XP level 8. HP: 61/67 MP: 12/12
  3921 | D:5      | Noticed Ijyb
  3940 | D:5      | Killed Ijyb
  3957 | D:5      | Found Onicsy's Magic Scroll Boutique.
  3960 | D:5      | Bought a scroll of identify for 28 gold pieces
  3966 | D:5      | Bought a scroll of identify for 28 gold pieces
  3966 | D:5      | Bought a scroll of identify for 28 gold pieces
  3966 | D:5      | Bought a scroll of identify for 28 gold pieces
  3966 | D:5      | Bought a scroll of identify for 28 gold pieces
  4203 | D:6      | Reached skill level 5 in Fighting
  4507 | D:6      | Found a runed translucent gate.
  4507 | D:6      | Found a runed translucent gate.
  4507 | D:6      | Found a runed translucent gate.
  4634 | D:6      | Reached XP level 9. HP: 46/74 MP: 14/14
  4733 | D:6      | Found a staircase to the Ecumenical Temple.
  4802 | Temple   | Entered the Ecumenical Temple
  4821 | Temple   | Became a worshipper of Gozag Ym Sagoz the Greedy
  5232 | D:6      | Noticed flt's ghost (weakling OnDe)
  5289 | D:6      | Killed flt's ghost
  5352 | D:6      | Got the ring "Ekhletailu" {Fire rElec rN+ Str+5 Stlth+}
  5454 | D:7      | HP: 2/74 [killer bee (4)]
  5455 | D:7      | Succumbed to a killer bee's poison

Illustrated notes

Levels and vault maps discovered:
D:1:      minmay_arrival_cross, layout_loops_cross
D:2:      layout_loops_ring, uniq_natasha
D:3:      layout_rooms, xom_confusion_cloud, grunt_ministairs_8,
          uniq_crazy_yiuf_cottage
D:4:      layout_cave_pods
D:5:      layout_basic, chequers_temple_overflow_statue_of_worship,
          serial_shops, nicolae_shop_rolled_up, shop, uniq_ijyb
D:6:      layout_gridville, minmay_temple_entry_butterflies, gammafunk_ghost_icy
D:7:      layout_basic, makhleb_blood_cavern_becter
Temple:   nicolae_temple_slightly_damp_pantheon

Skill      XL: |  1  2  3  4  5  6  7  8  9 |
---------------+----------------------------+-----
Fighting       | 3 4 5 |  5.0
Armour         | 4 5 6 |  6.4
Shields        | 4 5 6 |  6.5
Ice Magic      | 2 3 4 |  4.4
Spellcasting   | 2 3 4 |  4.2
Fire Magic     | 1 2 3 4 |  4.5
Earth Magic    | 1 2 3 4 |  4.3
Translocations | 1 2 3 |  3.2

Action                     |  1- 3 |  4- 6 |  7- 9 || total
---------------------------+-------+-------+-------++-------
  Melee: Club              |    45 |       |       ||    45
         Mace              |    68 |    92 |       ||   160
         Whip              |       |   115 |   385 ||   500
   Cast: Freeze            |     6 |     1 |       ||     7
    Use: Potion            |       |     1 |     4 ||     5
         Scroll            |       |       |    11 ||    11
   Stab: Distracted        |       |       |     1 ||     1
 Armour: Ring mail         |    16 |       |       ||    16
         Plate armour      |   145 |   255 |   526 ||   926
  Dodge: Dodged            |    30 |    48 |   105 ||   183
  Block: Buckler           |    30 |    56 |   112 ||   198

Table legend: (Time is in decaauts)
 A = Elapsed time spent in this place.
 B = Non-inter-level travel time spent in this place.
 C = Inter-level travel time spent in this place.
 D = Time resting spent in this place.
 E = Time spent auto-exploring this place.
 F = Levels seen in this place.
 G = Mean time per level.
                   A        B        C        D        E       F      G
               +--------+--------+--------+--------+--------+-----+--------+
         Total |   5606 |   5398 |    208 |      0 |   3941 |   8 |  700.8 |
       Dungeon |   5567 |   5395 |    172 |      0 |   3941 |   7 |  795.3 |
        Temple |     38 |      2 |     36 |      0 |      0 |   1 |   38.0 |
               +--------+--------+--------+--------+--------+-----+--------+

Top non-repeatable levels by time:
     D:6: 1360 daAuts
     D:5: 1049 daAuts
     D:2: 935 daAuts
     D:4: 746 daAuts
     D:1: 718 daAuts
     D:3: 686 daAuts
     D:7: 72 daAuts
  Temple: 38 daAuts
